WCHLSIM.com - West Coast Hockey League
html PUBLIC "-//W3C//DTD XHTML 1.0 Transitional//EN" "http://www.w3.org/TR/xhtml1/DTD/xhtml1-transitional.dtd"> WCHL - Game 465 - SAN DIEGO THUNDER vs OKANAGAN RATTLESNAKES

SAN DIEGO THUNDER vs OKANAGAN RATTLESNAKES

Created - 18 décembre 2023 at 21:57

Goals
1 2 3 T
SAN DIEGO THUNDER 0 1 1 2
OKANAGAN RATTLESNAKES 2 1 0 3
Shots
1 2 3 T
SAN DIEGO THUNDER 8 9 13 30
OKANAGAN RATTLESNAKES 9 12 11 32

1st period

1. OKANAGAN RATTLESNAKES , Lars Eller 5 (Mike Hoffman 11, Blake Coleman 2) at 5:13 (PP)
2. OKANAGAN RATTLESNAKES , Stefan Noesen 4 (Casey Cizikas 16) at 16:23

Penalties :
Derek Forbort (SDG) for Hooking (Minor) at 3:18, Casey Cizikas (OKA) for Holding (Minor) at 10:20

2nd period

3. OKANAGAN RATTLESNAKES , Casey Cizikas 3 (Stefan Noesen 5, Kevin Labanc 4) at 2:16
4. SAN DIEGO THUNDER , Frank Vatrano 6 (Wyatt Johnston 7, Charles McAvoy 17) at 4:33 (PP)

Penalties :
Charles McAvoy (SDG) for Cross-checking (Minor) at 0:11, Jeremy Lauzon (OKA) for Interference (Minor) at 3:55, Colton Parayko (OKA) for Hooking (Minor) at 8:45

3rd period

5. SAN DIEGO THUNDER , Steven Lorentz 2 (Derek Forbort 9) at 8:30

Penalties :
Colton Parayko (OKA) for High sticking (Minor) at 11:52

Goalie Stats

Connor Hellebuyck (SDG), 29 saves from 32 shots - (0,906), L, 11-15-3, 60:00 minutes
James Reimer (OKA), 28 saves from 30 shots - (0,933), W, 7-17-3, 60:00 minutes

Players Stats for SAN DIEGO THUNDER

Player Name              G  A  P  +/- PIM S  H  SB GA TA FO     MP     PP MP  PK MP  
------------------------------------------------------------------------------------
Adam Boqvist             0  0  0  -2  0   1  0  0  0  0  0/0    14:55   0:00   0:00 
Alexandre Carrier        0  0  0  -2  0   0  5  2  0  0  0/0    16:53   0:00   1:58 
Charles McAvoy           0  1  1   0  2   2  0  1  0  0  0/0    23:16   3:11   0:51 
Connor Murphy            0  0  0   1  0   0  3  0  0  0  0/0    20:56   3:24   2:11 
Denis Malgin             0  0  0   0  0   0  0  0  0  0  0/0     0:00   0:00   0:00 
Derek Forbort            0  1  1   1  2   1  0  2  0  0  0/0    19:29   3:24   0:45 
Drake Batherson          0  0  0   0  0   2  0  0  0  0  9/31   23:41   3:24   2:07 
Elmer Soderblom          0  0  0   1  0   1  1  0  0  0  1/2    13:22   2:39   0:00 
Erik Cernak              0  0  0   0  0   1  4  3  0  0  0/0    24:29   3:11   2:03 
Filip Zadina             0  0  0  -1  0   2  2  0  0  0  0/2    16:35   0:00   0:00 
Frank Vatrano            1  0  1   0  0   7  7  0  0  0  1/1    20:23   3:11   0:00 
Isac Lundestrom          0  0  0   0  0   0  1  1  0  0  1/1    20:23   3:11   0:00 
Jake Neighbours          0  0  0   0  0   1  1  0  0  0  0/1    15:25   0:00   0:00 
Joel Farabee             0  0  0   0  0   4  0  0  0  0  0/0    20:37   3:24   1:47 
Mark Kastelic            0  0  0  -2  0   0  2  0  0  0  4/8     6:56   0:45   0:00 
Michael Pezzetta         0  0  0  -2  0   0  0  0  0  0  0/0     6:10   0:00   0:00 
Steven Lorentz           1  0  1   1  0   3  1  0  0  0  7/15   12:50   0:00   2:07 
Wyatt Johnston           0  1  1   0  0   5  0  0  0  0  8/29   19:44   3:11   1:47 

Players Stats for OKANAGAN RATTLESNAKES

Player Name              G  A  P  +/- PIM S  H  SB GA TA FO     MP     PP MP  PK MP  
------------------------------------------------------------------------------------
Anders Lee               0  0  0   0  0   4  1  0  0  0  3/5    22:26   1:54   2:50 
Arber Xhekaj             0  0  0   2  0   0  2  0  0  0  0/0    13:11   0:00   0:00 
Blake Coleman            0  1  1  -1  0   2  0  0  0  0  0/2    17:56   2:00   0:26 
Casey Cizikas            1  1  2   2  2   1  0  0  0  0  12/19  12:29   0:00   0:00 
Colton Parayko           0  0  0   0  4   3  0  2  0  0  0/0    24:17   1:54   1:30 
Esa Lindell              0  0  0   0  0   1  2  0  0  0  0/0    25:11   1:54   2:41 
Jeremy Lauzon            0  0  0  -1  2   1  1  0  0  0  0/0    21:45   2:00   4:02 
Jordie Benn              0  0  0   2  0   0  0  2  0  0  0/0    14:01   0:00   1:09 
Josh Manson              0  0  0  -1  0   0  0  1  0  0  0/0    21:32   2:00   3:48 
Jujhar Khaira            0  0  0   0  0   0  0  0  0  0  0/0     0:00   0:00   0:00 
Kevin Labanc             0  1  1   2  0   1  1  0  0  0  0/0    12:30   0:00   0:00 
Lars Eller               1  0  1  -1  0   5  2  0  0  0  15/22  20:42   2:00   3:12 
Mike Hoffman             0  1  1  -1  0   3  2  0  0  0  0/0    17:30   2:00   0:00 
Nazem Kadri              0  0  0   0  0   4  0  0  0  0  22/30  26:16   1:54   2:51 
Oskar Sundqvist          0  0  0   0  0   0  0  0  0  0  3/8     4:52   0:00   1:03 
Pierre-Edouard Bellemare 0  0  0   0  0   1  0  0  0  0  0/0     3:49   0:00   0:00 
Stefan Noesen            1  1  2   2  0   2  0  0  0  0  2/2    12:30   0:00   0:00 
T.J. Oshie               0  0  0   0  0   4  2  0  0  0  2/2    22:24   1:54   2:48 

3 Stars

1 - Stefan Noesen (OKA)
2 - Frank Vatrano (SDG)
3 - Casey Cizikas (OKA)

Power Play

SAN DIEGO THUNDER - 1 on 4 Attempt(s) - 25,00%
OKANAGAN RATTLESNAKES - 1 on 2 Attempt(s) - 50,00%

Penalty Kill

SAN DIEGO THUNDER - 1 on 2 Attempt(s) - 50,00% - Score 0 goal in Penalty Kill
OKANAGAN RATTLESNAKES - 3 on 4 Attempt(s) - 75,00% - Score 0 goal in Penalty Kill

Team Stat

SAN DIEGO THUNDER - Hits : 27 - Faceoff Wins : 31 - Blocked Shots : 9 - Penalty Minutes : 4
OKANAGAN RATTLESNAKES - Hits : 13 - Faceoff Wins : 59 - Blocked Shots : 5 - Penalty Minutes : 8

Official

Referees : Beaudry Halkidis and Reid Anderson
Linesman : Scott Driscoll and Michel Cormier

Game Notes

No Game Note

Finance

Level 1 -- Attendance: 4417 (73,62%) -- Ticket Income 883 400 $
Level 2 -- Attendance: 3953 (79,06%) -- Ticket Income 494 125 $
Level 3 -- Attendance: 1935 (96,75%) -- Ticket Income 210 915 $
Level 4 -- Attendance: 3638 (90,95%) -- Ticket Income 251 022 $
Luxury Box -- Attendance: 1000 (100,00%) -- Ticket Income 300 000 $
Total Attendance: 14943 (83,02%)
Total Ticket Income: 2 139 462 $
Other Expense: 21 395 $
Total Income: 2 118 067 $

SAN DIEGO THUNDER

5 vs 5 Forward 
   Center                   Left Wing                Right Wing               Time % Phy DF OF 
 1 Drake Batherson          Isac Lundestrom          Frank Vatrano            36     1   1  3  
 2 Wyatt Johnston           Jake Neighbours          Joel Farabee             31     1   1  3  
 3 Steven Lorentz           Elmer Soderblom          Filip Zadina             23     1   1  3  
 4 Mark Kastelic            Michael Pezzetta         Filip Zadina             10     1   1  3  

5 vs 5 Defense 
   Defense                  Defense                                           Time % Phy DF OF 
 1 Charles McAvoy           Erik Cernak                                       36     1   2  2  
 2 Connor Murphy            Derek Forbort                                     31     1   2  2  
 3 Adam Boqvist             Alexandre Carrier                                 23     1   2  2  
 4 Charles McAvoy           Erik Cernak                                       10     1   2  2  

PowerPlay Forward 
   Center                   Left Wing                Right Wing               Time % Phy DF OF 
 1 Drake Batherson          Elmer Soderblom          Joel Farabee             55     0   1  4  
 2 Wyatt Johnston           Isac Lundestrom          Frank Vatrano            45     0   1  4  

PowerPlay Defense
   Defense                  Defense                                           Time % Phy DF OF 
 1 Charles McAvoy           Erik Cernak                                       55     1   2  2  
 2 Connor Murphy            Derek Forbort                                     45     1   2  2  

Penalty Kill 4 Players Forward 
   Center                   Wing                     Time % Phy DF OF 
 1 Drake Batherson          Steven Lorentz           55     1   2  2  
 2 Joel Farabee             Wyatt Johnston           45     1   2  2  

Penalty Kill 4 Players Defense
   Defense                  Defense                  Time % Phy DF OF 
 1 Charles McAvoy           Erik Cernak              55     1   2  2  
 2 Connor Murphy            Derek Forbort            45     1   2  2  

Penalty Kill - 3 Players Forward 
   Forward                                           Time % Phy DF OF 
 1 Drake Batherson                                   55     1   2  2  
 2 Steven Lorentz                                    45     1   2  2  

Penalty Kill - 3 Players Defense
   Defense                  Defense                  Time % Phy DF OF 
 1 Charles McAvoy           Erik Cernak              55     1   2  2  
 2 Connor Murphy            Derek Forbort            45     1   2  2  

4 vs 4 Forward 
   Center                   Wing                     Time % Phy DF OF 
 1 Drake Batherson          Elmer Soderblom          55     1   2  2  
 2 Joel Farabee             Wyatt Johnston           45     1   2  2  

4 vs 4 Defense
   Defense                  Defense                  Time % Phy DF OF 
 1 Charles McAvoy           Erik Cernak              55     1   2  2  
 2 Connor Murphy            Derek Forbort            45     1   2  2  

Last Minutes Offensive
   Center                   Left Wing                Right Wing               Defense                  Defense                  
   Drake Batherson          Jake Neighbours          Joel Farabee             Charles McAvoy           Erik Cernak              

Last Minutes Defensive
   Center                   Left Wing                Right Wing               Defense                  Defense                  
   Drake Batherson          Jake Neighbours          Joel Farabee             Charles McAvoy           Erik Cernak              

Goaltenders
Starting : Connor Hellebuyck        
Backup : Akira Schmid             

Extra Forwards
Normal : Mark Kastelic, Steven Lorentz, Jake Neighbours - PP : Mark Kastelic, Steven Lorentz - PK : Jake Neighbours
Extra Defensemen
Normal : Adam Boqvist, Alexandre Carrier, Connor Murphy - PP : Adam Boqvist - PK : Alexandre Carrier, Connor Murphy
Penalty Shots
Drake Batherson, Jake Neighbours, Joel Farabee, Wyatt Johnston, Isac Lundestrom
Custom OT Lines Forwards
Drake Batherson, Jake Neighbours, Joel Farabee, Wyatt Johnston, Isac Lundestrom, Steven Lorentz, Elmer Soderblom, Filip Zadina, Denis Malgin, Mark Kastelic
Custom OT Lines Defensemen
Charles McAvoy, Erik Cernak, Connor Murphy, Derek Forbort, Adam Boqvist

Scratches
Luke Kunin (Right Hand Injury), Evander Kane (Fractured Bone in Left Hand Injury)

OKANAGAN RATTLESNAKES

5 vs 5 Forward 
   Center                   Left Wing                Right Wing               Time % Phy DF OF 
 1 Nazem Kadri              Anders Lee               T.J. Oshie               36     1   2  2  
 2 Lars Eller               Mike Hoffman             Blake Coleman            31     1   2  2  
 3 Casey Cizikas            Kevin Labanc             Stefan Noesen            23     1   2  2  
 4 Oskar Sundqvist          Pierre-Edouard Bellemare Nazem Kadri              10     1   2  2  

5 vs 5 Defense 
   Defense                  Defense                                           Time % Phy DF OF 
 1 Colton Parayko           Esa Lindell                                       36     1   2  2  
 2 Josh Manson              Jeremy Lauzon                                     31     1   2  2  
 3 Arber Xhekaj             Jordie Benn                                       23     1   2  2  
 4 Colton Parayko           Esa Lindell                                       10     1   2  2  

PowerPlay Forward 
   Center                   Left Wing                Right Wing               Time % Phy DF OF 
 1 Nazem Kadri              Anders Lee               T.J. Oshie               55     1   2  2  
 2 Lars Eller               Mike Hoffman             Blake Coleman            45     1   2  2  

PowerPlay Defense
   Defense                  Defense                                           Time % Phy DF OF 
 1 Colton Parayko           Esa Lindell                                       55     1   2  2  
 2 Josh Manson              Jeremy Lauzon                                     45     1   2  2  

Penalty Kill 4 Players Forward 
   Center                   Wing                     Time % Phy DF OF 
 1 Nazem Kadri              T.J. Oshie               55     1   2  2  
 2 Anders Lee               Lars Eller               45     1   2  2  

Penalty Kill 4 Players Defense
   Defense                  Defense                  Time % Phy DF OF 
 1 Colton Parayko           Esa Lindell              55     1   2  2  
 2 Josh Manson              Jeremy Lauzon            45     1   2  2  

Penalty Kill - 3 Players Forward 
   Forward                                           Time % Phy DF OF 
 1 Nazem Kadri                                       55     1   2  2  
 2 T.J. Oshie                                        45     1   2  2  

Penalty Kill - 3 Players Defense
   Defense                  Defense                  Time % Phy DF OF 
 1 Colton Parayko           Esa Lindell              55     1   2  2  
 2 Josh Manson              Jeremy Lauzon            45     1   2  2  

4 vs 4 Forward 
   Center                   Wing                     Time % Phy DF OF 
 1 Nazem Kadri              T.J. Oshie               55     1   2  2  
 2 Anders Lee               Lars Eller               45     1   2  2  

4 vs 4 Defense
   Defense                  Defense                  Time % Phy DF OF 
 1 Colton Parayko           Esa Lindell              55     1   2  2  
 2 Josh Manson              Jeremy Lauzon            45     1   2  2  

Last Minutes Offensive
   Center                   Left Wing                Right Wing               Defense                  Defense                  
   Nazem Kadri              Anders Lee               T.J. Oshie               Colton Parayko           Esa Lindell              

Last Minutes Defensive
   Center                   Left Wing                Right Wing               Defense                  Defense                  
   Nazem Kadri              Anders Lee               T.J. Oshie               Colton Parayko           Esa Lindell              

Goaltenders
Starting : James Reimer             
Backup : Jack Campbell            

Extra Forwards
Normal : Jujhar Khaira, Casey Cizikas, Oskar Sundqvist - PP : Jujhar Khaira, Casey Cizikas - PK : Oskar Sundqvist
Extra Defensemen
Normal : Arber Xhekaj, Jordie Benn, Josh Manson - PP : Arber Xhekaj - PK : Jordie Benn, Josh Manson
Penalty Shots
Nazem Kadri, T.J. Oshie, Anders Lee, Lars Eller, Casey Cizikas
Custom OT Lines Forwards
Nazem Kadri, T.J. Oshie, Anders Lee, Lars Eller, Casey Cizikas, Mike Hoffman, Blake Coleman, Oskar Sundqvist, Kevin Labanc, Pierre-Edouard Bellemare
Custom OT Lines Defensemen
Colton Parayko, Esa Lindell, Josh Manson, Jeremy Lauzon, Arber Xhekaj

Scratches
Austin Osmanski (Healthy), Adam Clendening (Healthy), Colin White (Healthy), Ryan Reaves (Healthy), Spencer Martin (Healthy)

% Time on Ice - SAN DIEGO THUNDER

Lines # - Real PCT - Wanted PCT - Time Play
Normal Forward
1 - 35% - 36% - 17:12
2 - 30% - 31% - 14:46
3 - 22% - 23% - 10:43
4 - 13% - 10% - 6:10
Normal Defense
1 - 34% - 36% - 16:41
2 - 31% - 31% - 15:21
3 - 31% - 23% - 14:55
4 - 4% - 10% - 1:54
PP Forward
1 - 52% - 55% - 3:24
2 - 48% - 45% - 3:11
PP Defense
1 - 48% - 55% - 3:11
2 - 52% - 45% - 3:24
PK Forward
1 - 54% - 55% - 2:07
2 - 46% - 45% - 1:47
PK Defense
1 - 53% - 55% - 2:05
2 - 47% - 45% - 1:49
PK3 Forward
1 - 0% - 55%
2 - 0% - 45%
PK3 Defense
1 - 0% - 55%
2 - 0% - 45%
44 Forward
1 - 0% - 55%
2 - 0% - 45%
44 Defense
1 - 0% - 55%
2 - 0% - 45%
Last Minute Offensive  - 0:40
Last Minute Defensive  - 0:00
Total
Forward - 60:00
Defense - 60:00

% Time on Ice - OKANAGAN RATTLESNAKES

Lines # - Real PCT - Wanted PCT - Time Play
Normal Forward
1 - 35% - 36% - 17:02
2 - 32% - 31% - 15:30
3 - 26% - 23% - 12:30
4 - 8% - 10% - 3:49
Normal Defense
1 - 36% - 36% - 17:31
2 - 32% - 31% - 15:44
3 - 26% - 23% - 12:52
4 - 6% - 10% - 2:44
PP Forward
1 - 49% - 55% - 1:54
2 - 51% - 45% - 2:00
PP Defense
1 - 49% - 55% - 1:54
2 - 51% - 45% - 2:00
PK Forward
1 - 51% - 55% - 3:23
2 - 49% - 45% - 3:12
PK Defense
1 - 45% - 55% - 2:59
2 - 55% - 45% - 3:36
PK3 Forward
1 - 0% - 55%
2 - 0% - 45%
PK3 Defense
1 - 0% - 55%
2 - 0% - 45%
44 Forward
1 - 0% - 55%
2 - 0% - 45%
44 Defense
1 - 0% - 55%
2 - 0% - 45%
Last Minute Offensive  - 0:00
Last Minute Defensive  - 0:40
Total
Forward - 60:00
Defense - 60:00

Play-by-Play

1st period


0:01 of 1st period - Nazem Kadri wins face-off versus Drake Batherson in neutral zone.
0:04 of 1st period - Erik Cernak is hit by T.J. Oshie and loses puck.
0:32 of 1st period - Icing by Charles McAvoy.
0:33 of 1st period - Isac Lundestrom wins face-off versus Lars Eller in SAN DIEGO THUNDER zone.
0:33 of 1st period - Isac Lundestrom is hit by Mike Hoffman.
1:24 of 1st period - Jake Neighbours is hit by Kevin Labanc and loses puck.
1:34 of 1st period - Wyatt Johnston is hit by Arber Xhekaj and loses puck.
1:58 of 1st period - Shot by Steven Lorentz.
1:58 of 1st period - Stopped by James Reimer without a rebound.
1:59 of 1st period - Mark Kastelic wins face-off versus Oskar Sundqvist in OKANAGAN RATTLESNAKES zone.
2:05 of 1st period - Icing by Colton Parayko.
2:06 of 1st period - Steven Lorentz wins face-off versus Oskar Sundqvist in OKANAGAN RATTLESNAKES zone.
2:07 of 1st period - Shot by Elmer Soderblom.
2:07 of 1st period - Shot Misses the Net.
2:12 of 1st period - Off-side.
2:13 of 1st period - Nazem Kadri wins face-off versus Steven Lorentz in neutral zone.
2:42 of 1st period - Shot by Anders Lee.
2:42 of 1st period - Stopped by Connor Hellebuyck without a rebound.
2:43 of 1st period - Lars Eller wins face-off versus Jake Neighbours in SAN DIEGO THUNDER zone.
2:43 of 1st period - Lars Eller is hit by Alexandre Carrier.
2:45 of 1st period - Shot by Mike Hoffman.
2:45 of 1st period - Stopped by Connor Hellebuyck without a rebound.
2:46 of 1st period - Lars Eller wins face-off versus Wyatt Johnston in SAN DIEGO THUNDER zone.
2:53 of 1st period - Off-side.
2:54 of 1st period - Mark Kastelic wins face-off versus Oskar Sundqvist in neutral zone.
2:58 of 1st period - Esa Lindell is hit by Connor Murphy and loses puck.
3:18 of 1st period - Minor Penalty to Derek Forbort for Hooking.
3:19 of 1st period - Steven Lorentz wins face-off versus Blake Coleman in SAN DIEGO THUNDER zone.
3:19 of 1st period - Steven Lorentz is hit by Mike Hoffman.
3:55 of 1st period - Shot by Blake Coleman.
3:55 of 1st period - Shot Misses the Net.
3:57 of 1st period - Shot by Jeremy Lauzon.
3:57 of 1st period - Deflect By Mike Hoffman.
3:57 of 1st period - Shot Misses the Net.
3:59 of 1st period - Shot by Josh Manson.
3:59 of 1st period - Shot Misses the Net.
4:01 of 1st period - Shot by Jeremy Lauzon.
4:01 of 1st period - Shot Blocked by Charles McAvoy.
4:34 of 1st period - Shot by Colton Parayko.
4:34 of 1st period - Stopped by Connor Hellebuyck with a rebound.
4:36 of 1st period - Shot by Colton Parayko.
4:36 of 1st period - Shot Misses the Net.
5:11 of 1st period - Shot by Mike Hoffman.
5:11 of 1st period - Shot Misses the Net.
5:13 of 1st period - Shot by Lars Eller.
5:13 of 1st period - Goal by Lars Eller - SAN DIEGO THUNDER : 0 - OKANAGAN RATTLESNAKES : 1.
5:14 of 1st period - Casey Cizikas wins face-off versus Mark Kastelic in neutral zone.
5:55 of 1st period - Icing by Arber Xhekaj.
5:56 of 1st period - Drake Batherson wins face-off versus Casey Cizikas in OKANAGAN RATTLESNAKES zone.
6:07 of 1st period - Shot by Frank Vatrano.
6:07 of 1st period - Stopped by James Reimer without a rebound.
6:08 of 1st period - Nazem Kadri wins face-off versus Drake Batherson in OKANAGAN RATTLESNAKES zone.
6:08 of 1st period - Nazem Kadri is hit by Frank Vatrano.
6:17 of 1st period - Anders Lee is hit by Connor Murphy and loses puck.
6:27 of 1st period - Drake Batherson is hit by Esa Lindell and loses puck.
6:38 of 1st period - Shot by Frank Vatrano.
6:38 of 1st period - Stopped by James Reimer without a rebound.
6:39 of 1st period - Wyatt Johnston wins face-off versus Lars Eller in OKANAGAN RATTLESNAKES zone.
6:52 of 1st period - Shot by Joel Farabee.
6:52 of 1st period - Deflect By Wyatt Johnston.
6:52 of 1st period - Stopped by James Reimer without a rebound.
6:53 of 1st period - Elmer Soderblom wins face-off versus Oskar Sundqvist in OKANAGAN RATTLESNAKES zone.
7:58 of 1st period - Icing by Josh Manson.
7:59 of 1st period - Lars Eller wins face-off versus Drake Batherson in OKANAGAN RATTLESNAKES zone.
8:06 of 1st period - Jeremy Lauzon is hit by Frank Vatrano and loses puck.
8:17 of 1st period - Blake Coleman is hit by Frank Vatrano and loses puck.
8:36 of 1st period - Shot by Drake Batherson.
8:36 of 1st period - Shot Misses the Net.
8:38 of 1st period - Shot by Frank Vatrano.
8:38 of 1st period - Shot Misses the Net.
9:02 of 1st period - Shot by Joel Farabee.
9:02 of 1st period - Stopped by James Reimer without a rebound.
9:03 of 1st period - Nazem Kadri wins face-off versus Steven Lorentz in OKANAGAN RATTLESNAKES zone.
9:14 of 1st period - Shot by Nazem Kadri.
9:14 of 1st period - Shot Misses the Net.
9:45 of 1st period - Shot by T.J. Oshie.
9:45 of 1st period - Shot Hit the Post.
10:13 of 1st period - Shot by Kevin Labanc.
10:13 of 1st period - Shot Misses the Net.
10:20 of 1st period - Minor Penalty to Casey Cizikas for Holding.
10:21 of 1st period - Nazem Kadri wins face-off versus Wyatt Johnston in OKANAGAN RATTLESNAKES zone.
11:25 of 1st period - T.J. Oshie is hit by Mark Kastelic and loses puck.
12:26 of 1st period - Shot by Jake Neighbours.
12:26 of 1st period - Stopped by James Reimer without a rebound.
12:27 of 1st period - Casey Cizikas wins face-off versus Wyatt Johnston in OKANAGAN RATTLESNAKES zone.
13:17 of 1st period - Kevin Labanc is hit by Filip Zadina and loses puck.
13:57 of 1st period - Icing by Charles McAvoy.
13:58 of 1st period - Nazem Kadri wins face-off versus Drake Batherson in SAN DIEGO THUNDER zone.
15:07 of 1st period - Lars Eller is hit by Alexandre Carrier and loses puck.
16:21 of 1st period - Icing by Alexandre Carrier.
16:22 of 1st period - Casey Cizikas wins face-off versus Mark Kastelic in SAN DIEGO THUNDER zone.
16:23 of 1st period - Shot by Stefan Noesen.
16:23 of 1st period - Goal by Stefan Noesen - SAN DIEGO THUNDER : 0 - OKANAGAN RATTLESNAKES : 2.
16:24 of 1st period - Casey Cizikas wins face-off versus Wyatt Johnston in neutral zone.
16:45 of 1st period - Shot by Jake Neighbours.
16:45 of 1st period - Shot Misses the Net.
16:47 of 1st period - Shot by Erik Cernak.
16:47 of 1st period - Stopped by James Reimer without a rebound.
16:48 of 1st period - Nazem Kadri wins face-off versus Drake Batherson in OKANAGAN RATTLESNAKES zone.
16:48 of 1st period - Nazem Kadri is hit by Frank Vatrano.
17:58 of 1st period - Shot by Joel Farabee.
17:58 of 1st period - Shot Blocked by Colton Parayko.
18:02 of 1st period - Shot by Wyatt Johnston.
18:02 of 1st period - Stopped by James Reimer without a rebound.
18:03 of 1st period - Steven Lorentz wins face-off versus Blake Coleman in OKANAGAN RATTLESNAKES zone.
18:12 of 1st period - Shot by Mike Hoffman.
18:12 of 1st period - Shot Misses the Net.
18:14 of 1st period - Shot by Josh Manson.
18:14 of 1st period - Shot Blocked by Erik Cernak.
18:16 of 1st period - Shot by Blake Coleman.
18:16 of 1st period - Stopped by Connor Hellebuyck with a rebound.
18:18 of 1st period - Shot by Jeremy Lauzon.
18:18 of 1st period - Shot Misses the Net.
18:20 of 1st period - Shot by Lars Eller.
18:20 of 1st period - Deflect By Mike Hoffman.
18:20 of 1st period - Stopped by Connor Hellebuyck without a rebound.
18:21 of 1st period - Casey Cizikas wins face-off versus Wyatt Johnston in SAN DIEGO THUNDER zone.
18:32 of 1st period - Shot by Kevin Labanc.
18:32 of 1st period - Stopped by Connor Hellebuyck without a rebound.
18:33 of 1st period - Lars Eller wins face-off versus Drake Batherson in SAN DIEGO THUNDER zone.
18:45 of 1st period - Shot by Lars Eller.
18:45 of 1st period - Stopped by Connor Hellebuyck with a rebound.
19:26 of 1st period - Icing by Adam Boqvist.
19:27 of 1st period - Drake Batherson wins face-off versus Anders Lee in SAN DIEGO THUNDER zone.
19:44 of 1st period - Shot by Joel Farabee.
19:44 of 1st period - Shot Misses the Net.
Goals for this period are 0 for SAN DIEGO THUNDER vs 2 for OKANAGAN RATTLESNAKES.
Shots for this period are 8 for SAN DIEGO THUNDER vs 9 for OKANAGAN RATTLESNAKES.

2nd period


0:01 of 2nd period - Nazem Kadri wins face-off versus Wyatt Johnston in neutral zone.
0:01 of 2nd period - Nazem Kadri is hit by Jake Neighbours.
0:05 of 2nd period - Shot by T.J. Oshie.
0:05 of 2nd period - Stopped by Connor Hellebuyck without a rebound.
0:06 of 2nd period - Nazem Kadri wins face-off versus Wyatt Johnston in SAN DIEGO THUNDER zone.
0:10 of 2nd period - Anders Lee is hit by Erik Cernak and loses puck.
0:11 of 2nd period - Minor Penalty to Charles McAvoy for Cross-checking.
0:12 of 2nd period - Nazem Kadri wins face-off versus Drake Batherson in SAN DIEGO THUNDER zone.
1:32 of 2nd period - Icing by Jeremy Lauzon.
1:33 of 2nd period - Drake Batherson wins face-off versus Lars Eller in OKANAGAN RATTLESNAKES zone.
2:16 of 2nd period - Shot by Casey Cizikas.
2:16 of 2nd period - Goal by Casey Cizikas - SAN DIEGO THUNDER : 0 - OKANAGAN RATTLESNAKES : 3.
2:17 of 2nd period - Casey Cizikas wins face-off versus Wyatt Johnston in neutral zone.
2:20 of 2nd period - Shot by Kevin Labanc.
2:20 of 2nd period - Shot Misses the Net.
2:23 of 2nd period - Icing by Alexandre Carrier.
2:24 of 2nd period - Nazem Kadri wins face-off versus Wyatt Johnston in SAN DIEGO THUNDER zone.
2:27 of 2nd period - Shot by T.J. Oshie.
2:27 of 2nd period - Stopped by Connor Hellebuyck without a rebound.
2:28 of 2nd period - Wyatt Johnston wins face-off versus Nazem Kadri in SAN DIEGO THUNDER zone.
3:09 of 2nd period - Shot by Nazem Kadri.
3:09 of 2nd period - Stopped by Connor Hellebuyck without a rebound.
3:10 of 2nd period - Lars Eller wins face-off versus Drake Batherson in SAN DIEGO THUNDER zone.
3:11 of 2nd period - Shot by Josh Manson.
3:11 of 2nd period - Shot Misses the Net.
3:38 of 2nd period - Shot by Frank Vatrano.
3:38 of 2nd period - Stopped by James Reimer with a rebound.
3:40 of 2nd period - Shot by Isac Lundestrom.
3:40 of 2nd period - Shot Misses the Net.
3:48 of 2nd period - Shot by Drake Batherson.
3:48 of 2nd period - Shot Misses the Net.
3:55 of 2nd period - Minor Penalty to Jeremy Lauzon for Interference.
3:56 of 2nd period - Nazem Kadri wins face-off versus Elmer Soderblom in OKANAGAN RATTLESNAKES zone.
4:25 of 2nd period - Shot by Joel Farabee.
4:25 of 2nd period - Stopped by James Reimer with a rebound.
4:27 of 2nd period - Shot by Derek Forbort.
4:27 of 2nd period - Stopped by James Reimer without a rebound.
4:28 of 2nd period - Wyatt Johnston wins face-off versus Nazem Kadri in OKANAGAN RATTLESNAKES zone.
4:31 of 2nd period - Shot by Wyatt Johnston.
4:31 of 2nd period - Shot Misses the Net.
4:33 of 2nd period - Shot by Frank Vatrano.
4:33 of 2nd period - Goal by Frank Vatrano - SAN DIEGO THUNDER : 1 - OKANAGAN RATTLESNAKES : 3.
4:34 of 2nd period - Mark Kastelic wins face-off versus Casey Cizikas in neutral zone.
5:20 of 2nd period - Icing by Alexandre Carrier.
5:21 of 2nd period - Mark Kastelic wins face-off versus Nazem Kadri in SAN DIEGO THUNDER zone.
5:26 of 2nd period - Shot by Nazem Kadri.
5:26 of 2nd period - Shot Misses the Net.
5:28 of 2nd period - Shot by T.J. Oshie.
5:28 of 2nd period - Shot Misses the Net.
5:41 of 2nd period - Shot by Nazem Kadri.
5:41 of 2nd period - Shot Blocked by Alexandre Carrier.
5:43 of 2nd period - Shot by T.J. Oshie.
5:43 of 2nd period - Shot Blocked by Alexandre Carrier.
5:45 of 2nd period - Shot by Esa Lindell.
5:45 of 2nd period - Stopped by Connor Hellebuyck without a rebound.
5:46 of 2nd period - Lars Eller wins face-off versus Drake Batherson in SAN DIEGO THUNDER zone.
6:47 of 2nd period - Icing by Colton Parayko.
6:48 of 2nd period - Nazem Kadri wins face-off versus Wyatt Johnston in OKANAGAN RATTLESNAKES zone.
7:01 of 2nd period - Shot by Nazem Kadri.
7:01 of 2nd period - Stopped by Connor Hellebuyck without a rebound.
7:02 of 2nd period - Casey Cizikas wins face-off versus Steven Lorentz in SAN DIEGO THUNDER zone.
7:15 of 2nd period - Kevin Labanc is hit by Elmer Soderblom and loses puck.
8:21 of 2nd period - Nazem Kadri is hit by Erik Cernak and loses puck.
8:32 of 2nd period - Shot by Wyatt Johnston.
8:32 of 2nd period - Shot Misses the Net.
8:45 of 2nd period - Minor Penalty to Colton Parayko for Hooking.
8:46 of 2nd period - Oskar Sundqvist wins face-off versus Wyatt Johnston in OKANAGAN RATTLESNAKES zone.
8:58 of 2nd period - Icing by Erik Cernak.
8:59 of 2nd period - Anders Lee wins face-off versus Wyatt Johnston in SAN DIEGO THUNDER zone.
9:12 of 2nd period - Shot by Wyatt Johnston.
9:12 of 2nd period - Stopped by James Reimer without a rebound.
9:13 of 2nd period - Drake Batherson wins face-off versus Anders Lee in OKANAGAN RATTLESNAKES zone.
10:10 of 2nd period - Shot by Charles McAvoy.
10:10 of 2nd period - Shot Misses the Net.
10:24 of 2nd period - Shot by Frank Vatrano.
10:24 of 2nd period - Stopped by James Reimer without a rebound.
10:25 of 2nd period - Nazem Kadri wins face-off versus Drake Batherson in OKANAGAN RATTLESNAKES zone.
11:19 of 2nd period - Casey Cizikas is hit by Alexandre Carrier and loses puck.
11:36 of 2nd period - Icing by Mark Kastelic.
11:37 of 2nd period - Oskar Sundqvist wins face-off versus Filip Zadina in SAN DIEGO THUNDER zone.
11:37 of 2nd period - Oskar Sundqvist is hit by Alexandre Carrier.
11:41 of 2nd period - Shot by Pierre-Edouard Bellemare.
11:41 of 2nd period - Stopped by Connor Hellebuyck without a rebound.
11:42 of 2nd period - Oskar Sundqvist wins face-off versus Drake Batherson in SAN DIEGO THUNDER zone.
11:47 of 2nd period - Shot by Nazem Kadri.
11:47 of 2nd period - Stopped by Connor Hellebuyck without a rebound.
11:48 of 2nd period - Lars Eller wins face-off versus Drake Batherson in SAN DIEGO THUNDER zone.
12:22 of 2nd period - Shot by Blake Coleman.
12:22 of 2nd period - Shot Misses the Net.
14:25 of 2nd period - Off-side.
14:26 of 2nd period - Stefan Noesen wins face-off versus Drake Batherson in neutral zone.
14:53 of 2nd period - Shot by Frank Vatrano.
14:53 of 2nd period - Shot Misses the Net.
15:25 of 2nd period - Icing by Lars Eller.
15:26 of 2nd period - Lars Eller wins face-off versus Mark Kastelic in OKANAGAN RATTLESNAKES zone.
15:26 of 2nd period - Lars Eller is hit by Mark Kastelic.
15:36 of 2nd period - Shot by Mike Hoffman.
15:36 of 2nd period - Deflect By Blake Coleman.
15:36 of 2nd period - Stopped by Connor Hellebuyck with a rebound.
15:38 of 2nd period - Shot by Blake Coleman.
15:38 of 2nd period - Shot Misses the Net.
15:40 of 2nd period - Shot by Lars Eller.
15:40 of 2nd period - Shot Misses the Net.
15:42 of 2nd period - Shot by Lars Eller.
15:42 of 2nd period - Stopped by Connor Hellebuyck without a rebound.
15:43 of 2nd period - Nazem Kadri wins face-off versus Wyatt Johnston in SAN DIEGO THUNDER zone.
15:44 of 2nd period - Shot by Anders Lee.
15:44 of 2nd period - Stopped by Connor Hellebuyck without a rebound.
15:45 of 2nd period - Steven Lorentz wins face-off versus Nazem Kadri in SAN DIEGO THUNDER zone.
16:06 of 2nd period - Shot by Anders Lee.
16:06 of 2nd period - Stopped by Connor Hellebuyck without a rebound.
16:07 of 2nd period - Lars Eller wins face-off versus Drake Batherson in SAN DIEGO THUNDER zone.
17:16 of 2nd period - Shot by Wyatt Johnston.
17:16 of 2nd period - Stopped by James Reimer without a rebound.
17:17 of 2nd period - Steven Lorentz wins face-off versus Nazem Kadri in OKANAGAN RATTLESNAKES zone.
18:10 of 2nd period - Shot by Jake Neighbours.
18:10 of 2nd period - Shot Misses the Net.
18:38 of 2nd period - Shot by Wyatt Johnston.
18:38 of 2nd period - Stopped by James Reimer without a rebound.
18:39 of 2nd period - Stefan Noesen wins face-off versus Drake Batherson in OKANAGAN RATTLESNAKES zone.
19:04 of 2nd period - Shot by Frank Vatrano.
19:04 of 2nd period - Shot Blocked by Jordie Benn.
19:06 of 2nd period - Shot by Frank Vatrano.
19:06 of 2nd period - Shot Misses the Net.
19:38 of 2nd period - Shot by Filip Zadina.
19:38 of 2nd period - Stopped by James Reimer without a rebound.
19:39 of 2nd period - Wyatt Johnston wins face-off versus Lars Eller in OKANAGAN RATTLESNAKES zone.
Goals for this period are 1 for SAN DIEGO THUNDER vs 1 for OKANAGAN RATTLESNAKES.
Shots for this period are 9 for SAN DIEGO THUNDER vs 12 for OKANAGAN RATTLESNAKES.

3rd period


0:01 of 3rd period - Nazem Kadri wins face-off versus Drake Batherson in neutral zone.
0:01 of 3rd period - Anders Lee is hit by Isac Lundestrom and loses puck.
0:05 of 3rd period - Esa Lindell is hit by Erik Cernak and loses puck.
0:08 of 3rd period - Shot by Anders Lee.
0:08 of 3rd period - Deflect By T.J. Oshie.
0:08 of 3rd period - Stopped by Connor Hellebuyck without a rebound.
0:09 of 3rd period - Lars Eller wins face-off versus Wyatt Johnston in SAN DIEGO THUNDER zone.
0:28 of 3rd period - Icing by Josh Manson.
0:29 of 3rd period - Lars Eller wins face-off versus Drake Batherson in OKANAGAN RATTLESNAKES zone.
0:43 of 3rd period - Blake Coleman is hit by Connor Murphy and loses puck.
1:34 of 3rd period - Shot by Joel Farabee.
1:34 of 3rd period - Shot Misses the Net.
1:36 of 3rd period - Shot by Joel Farabee.
1:36 of 3rd period - Stopped by James Reimer without a rebound.
1:37 of 3rd period - T.J. Oshie wins face-off versus Steven Lorentz in OKANAGAN RATTLESNAKES zone.
1:37 of 3rd period - T.J. Oshie is hit by Filip Zadina.
1:43 of 3rd period - Shot by Anders Lee.
1:43 of 3rd period - Shot Misses the Net.
1:45 of 3rd period - Shot by Colton Parayko.
1:45 of 3rd period - Stopped by Connor Hellebuyck without a rebound.
1:46 of 3rd period - Nazem Kadri wins face-off versus Wyatt Johnston in SAN DIEGO THUNDER zone.
1:46 of 3rd period - Nazem Kadri is hit by Erik Cernak.
1:48 of 3rd period - Shot by Anders Lee.
1:48 of 3rd period - Stopped by Connor Hellebuyck without a rebound.
1:49 of 3rd period - Nazem Kadri wins face-off versus Wyatt Johnston in SAN DIEGO THUNDER zone.
2:01 of 3rd period - Joel Farabee is hit by T.J. Oshie and loses puck.
2:29 of 3rd period - Shot by Joel Farabee.
2:29 of 3rd period - Stopped by James Reimer without a rebound.
2:30 of 3rd period - Drake Batherson wins face-off versus Casey Cizikas in OKANAGAN RATTLESNAKES zone.
2:37 of 3rd period - Shot by Frank Vatrano.
2:37 of 3rd period - Shot Misses the Net.
2:47 of 3rd period - Shot by Drake Batherson.
2:47 of 3rd period - Stopped by James Reimer without a rebound.
2:48 of 3rd period - Lars Eller wins face-off versus Steven Lorentz in OKANAGAN RATTLESNAKES zone.
3:01 of 3rd period - Shot by Alexandre Carrier.
3:01 of 3rd period - Shot Misses the Net.
3:12 of 3rd period - Icing by Alexandre Carrier.
3:13 of 3rd period - Nazem Kadri wins face-off versus Steven Lorentz in SAN DIEGO THUNDER zone.
4:03 of 3rd period - Shot by Charles McAvoy.
4:03 of 3rd period - Stopped by James Reimer with a rebound.
4:05 of 3rd period - Shot by Charles McAvoy.
4:05 of 3rd period - Stopped by James Reimer without a rebound.
4:06 of 3rd period - Wyatt Johnston wins face-off versus Lars Eller in OKANAGAN RATTLESNAKES zone.
4:06 of 3rd period - Joel Farabee is hit by Jeremy Lauzon and loses puck.
4:25 of 3rd period - Shot by Mike Hoffman.
4:25 of 3rd period - Shot Blocked by Derek Forbort.
4:27 of 3rd period - Shot by Josh Manson.
4:27 of 3rd period - Shot Blocked by Derek Forbort.
4:29 of 3rd period - Shot by Lars Eller.
4:29 of 3rd period - Stopped by Connor Hellebuyck without a rebound.
4:30 of 3rd period - Casey Cizikas wins face-off versus Drake Batherson in SAN DIEGO THUNDER zone.
4:38 of 3rd period - Icing by Erik Cernak.
4:39 of 3rd period - Drake Batherson wins face-off versus Casey Cizikas in SAN DIEGO THUNDER zone.
4:44 of 3rd period - Casey Cizikas is hit by Frank Vatrano.
5:42 of 3rd period - Off-side.
5:43 of 3rd period - Lars Eller wins face-off versus Steven Lorentz in neutral zone.
6:04 of 3rd period - Shot by Mike Hoffman.
6:04 of 3rd period - Stopped by Connor Hellebuyck without a rebound.
6:05 of 3rd period - Wyatt Johnston wins face-off versus Nazem Kadri in SAN DIEGO THUNDER zone.
7:10 of 3rd period - Shot by Derek Forbort.
7:10 of 3rd period - Shot Misses the Net.
7:20 of 3rd period - Shot by Steven Lorentz.
7:20 of 3rd period - Deflect By Elmer Soderblom.
7:20 of 3rd period - Stopped by James Reimer without a rebound.
7:21 of 3rd period - Lars Eller wins face-off versus Drake Batherson in OKANAGAN RATTLESNAKES zone.
7:21 of 3rd period - Lars Eller is hit by Frank Vatrano.
7:56 of 3rd period - Shot by Drake Batherson.
7:56 of 3rd period - Shot Blocked by Josh Manson.
8:28 of 3rd period - Shot by Steven Lorentz.
8:28 of 3rd period - Shot Misses the Net.
8:30 of 3rd period - Shot by Steven Lorentz.
8:30 of 3rd period - Goal by Steven Lorentz - SAN DIEGO THUNDER : 2 - OKANAGAN RATTLESNAKES : 3.
8:31 of 3rd period - Casey Cizikas wins face-off versus Wyatt Johnston in neutral zone.
8:33 of 3rd period - Off-side.
8:34 of 3rd period - Casey Cizikas wins face-off versus Wyatt Johnston in neutral zone.
8:49 of 3rd period - Shot by Stefan Noesen.
8:49 of 3rd period - Stopped by Connor Hellebuyck without a rebound.
8:50 of 3rd period - T.J. Oshie wins face-off versus Filip Zadina in SAN DIEGO THUNDER zone.
8:50 of 3rd period - Anders Lee is hit by Alexandre Carrier and loses puck.
8:59 of 3rd period - Shot by Anders Lee.
8:59 of 3rd period - Deflect By Nazem Kadri.
8:59 of 3rd period - Stopped by Connor Hellebuyck without a rebound.
9:00 of 3rd period - Nazem Kadri wins face-off versus Wyatt Johnston in SAN DIEGO THUNDER zone.
9:05 of 3rd period - Shot by Oskar Sundqvist.
9:05 of 3rd period - Shot Misses the Net.
10:20 of 3rd period - Shot by Lars Eller.
10:20 of 3rd period - Stopped by Connor Hellebuyck without a rebound.
10:21 of 3rd period - Steven Lorentz wins face-off versus Casey Cizikas in SAN DIEGO THUNDER zone.
10:26 of 3rd period - Shot by Adam Boqvist.
10:26 of 3rd period - Stopped by James Reimer without a rebound.
10:27 of 3rd period - Casey Cizikas wins face-off versus Steven Lorentz in OKANAGAN RATTLESNAKES zone.
10:27 of 3rd period - Casey Cizikas is hit by Steven Lorentz.
10:36 of 3rd period - Icing by Alexandre Carrier.
10:37 of 3rd period - Steven Lorentz wins face-off versus Lars Eller in SAN DIEGO THUNDER zone.
10:37 of 3rd period - Adam Boqvist is hit by Lars Eller and loses puck.
10:50 of 3rd period - Shot by Steven Lorentz.
10:50 of 3rd period - Stopped by James Reimer without a rebound.
10:51 of 3rd period - Frank Vatrano wins face-off versus Nazem Kadri in OKANAGAN RATTLESNAKES zone.
11:11 of 3rd period - Shot by Frank Vatrano.
11:11 of 3rd period - Shot Blocked by Colton Parayko.
11:13 of 3rd period - Shot by Frank Vatrano.
11:13 of 3rd period - Shot Misses the Net.
11:28 of 3rd period - Drake Batherson is hit by Esa Lindell and loses puck.
11:47 of 3rd period - Shot by Jake Neighbours.
11:47 of 3rd period - Shot Misses the Net.
11:49 of 3rd period - Shot by Wyatt Johnston.
11:49 of 3rd period - Shot Misses the Net.
11:52 of 3rd period - Minor Penalty to Colton Parayko for High sticking.
11:53 of 3rd period - Drake Batherson wins face-off versus Oskar Sundqvist in OKANAGAN RATTLESNAKES zone.
12:14 of 3rd period - Shot by Drake Batherson.
12:14 of 3rd period - Stopped by James Reimer without a rebound.
12:15 of 3rd period - Lars Eller wins face-off versus Wyatt Johnston in OKANAGAN RATTLESNAKES zone.
12:15 of 3rd period - Lars Eller is hit by Frank Vatrano.
12:41 of 3rd period - Erik Cernak is hit by Lars Eller and loses puck.
13:44 of 3rd period - Off-side.
13:45 of 3rd period - Anders Lee wins face-off versus Wyatt Johnston in neutral zone.
14:22 of 3rd period - Icing by Casey Cizikas.
14:23 of 3rd period - Wyatt Johnston wins face-off versus Casey Cizikas in OKANAGAN RATTLESNAKES zone.
14:23 of 3rd period - Joel Farabee is hit by Arber Xhekaj and loses puck.
14:40 of 3rd period - Icing by Jordie Benn.
14:41 of 3rd period - Casey Cizikas wins face-off versus Drake Batherson in OKANAGAN RATTLESNAKES zone.
15:05 of 3rd period - Shot by Frank Vatrano.
15:05 of 3rd period - Stopped by James Reimer with a rebound.
15:09 of 3rd period - Shot by Frank Vatrano.
15:09 of 3rd period - Shot Misses the Net.
15:17 of 3rd period - Shot by Frank Vatrano.
15:17 of 3rd period - Stopped by James Reimer without a rebound.
15:18 of 3rd period - Wyatt Johnston wins face-off versus Lars Eller in OKANAGAN RATTLESNAKES zone.
16:21 of 3rd period - Shot by Steven Lorentz.
16:21 of 3rd period - Shot Misses the Net.
16:41 of 3rd period - Shot by Filip Zadina.
16:41 of 3rd period - Stopped by James Reimer without a rebound.
16:42 of 3rd period - Nazem Kadri wins face-off versus Drake Batherson in OKANAGAN RATTLESNAKES zone.
16:51 of 3rd period - Shot by Anders Lee.
16:51 of 3rd period - Shot Misses the Net.
17:03 of 3rd period - Shot by Nazem Kadri.
17:03 of 3rd period - Shot Blocked by Isac Lundestrom.
17:32 of 3rd period - Icing by Frank Vatrano.
17:33 of 3rd period - Drake Batherson wins face-off versus Casey Cizikas in SAN DIEGO THUNDER zone.
18:08 of 3rd period - Shot by Wyatt Johnston.
18:08 of 3rd period - Shot Blocked by Jordie Benn.
19:17 of 3rd period - Shot by Mike Hoffman.
19:17 of 3rd period - Shot Hit the Post.
19:19 of 3rd period - Shot by Jeremy Lauzon.
19:19 of 3rd period - Stopped by Connor Hellebuyck without a rebound.
19:20 of 3rd period - Nazem Kadri wins face-off versus Mark Kastelic in SAN DIEGO THUNDER zone.
19:21 of 3rd period - Shot by Anders Lee.
19:21 of 3rd period - Shot Misses the Net.
19:23 of 3rd period - Shot by Colton Parayko.
19:23 of 3rd period - Shot Blocked by Erik Cernak.
19:25 of 3rd period - Shot by Colton Parayko.
19:25 of 3rd period - Shot Blocked by Erik Cernak.
19:27 of 3rd period - Shot by Colton Parayko.
19:27 of 3rd period - Stopped by Connor Hellebuyck without a rebound.
19:28 of 3rd period - Drake Batherson wins face-off versus Nazem Kadri in SAN DIEGO THUNDER zone.
19:28 of 3rd period - Drake Batherson is hit by Anders Lee.
19:40 of 3rd period - Shot by T.J. Oshie.
19:40 of 3rd period - Stopped by Connor Hellebuyck without a rebound.
19:41 of 3rd period - Anders Lee wins face-off versus Drake Batherson in SAN DIEGO THUNDER zone.
19:48 of 3rd period - Shot by Nazem Kadri.
19:48 of 3rd period - Shot Misses the Net.
Goals for this period are 1 for SAN DIEGO THUNDER vs 0 for OKANAGAN RATTLESNAKES.
Shots for this period are 13 for SAN DIEGO THUNDER vs 11 for OKANAGAN RATTLESNAKES.


YEGOR
SHARANGOVICH
ALEX
IAFALLO
JAKOB
CHYCHRUN

EAST COAST

HOCKEY LEAGUE

  • 65.QUE3CHW1
  • 66.CHA1TRV6
  • 67.PITRHI
  • 68.ATLWOR